 Dungeon Crawl Stone Soup version 0.21.1-1-g345015f (webtiles) character file.

280 wilfster70 the Charmwright (level 6, -9/42 HPs)
             Began as a Halfling Warper on June 11, 2018.
             Mangled by an ogre
             ... wielding a +0 giant spiked club
              (33 damage)
             ... on level 4 of the Dungeon.
             The game lasted 00:12:38 (4201 turns).

wilfster70 the Charmwright (Halfling Warper)        Turns: 4201, Time: 00:12:39

Health: -9/42      AC:  4    Str: 19    XL:     6   Next: 52%
Magic:  8/8        EV: 15    Int: 11    God:
Gold:   149        SH:  0    Dex: 14    Spells: 4/8 levels left

rFire    . . .     SeeInvis .   a - +0 short sword
rCold    . . .     Gourm    .   (shield restricted)
rNeg     . . .     Faith    .   b - +1 leather armour
rPois    .         Spirit   .   (no helmet)
rElec    .         Reflect  .   (no cloak)
rCorr    .         Harm     .   (no gloves)
MR       .....                  (no boots)
Stlth    +.........             m - amulet of magic regeneration
HPRegen  0.14/turn              (no ring)
MPRegen  0.36/turn              (no ring)

@: mighty
A: small, mutation resistance 1
a: no special abilities


You were on level 4 of the Dungeon.
You were hungry.

You visited 1 branch of the dungeon, and saw 4 of its levels.

You collected 149 gold pieces.

Inventory:

Hand Weapons
 a - a +0 short sword (weapon)
Missiles
 e - 5 tomahawks of dispersal (quivered)
 h - 136 stones
 q - 21 sling bullets
Armour
 b - a +1 leather armour (worn)
Jewellery
 m - an amulet of magic regeneration (around neck)
 u - an uncursed ring of ice
Wands
 x - a wand of flame (44)
Scrolls
 d - a scroll of blinking
 g - 2 scrolls of remove curse
Potions
 j - a potion of flight
 k - a potion of brilliance
 l - a potion of magic {unknown}
 r - a potion of ambrosia {unknown}
Books
 c - a book of Spatial Translocations

   Spells                             Type                      Level
   a - Blink                          Translocation                2
   b - Shroud of Golubria             Charms/Translocation         2
   c - Lesser Beckoning               Translocation                3
   d - Gell's Gravitas                Translocation                3
   e - Teleport Other                 Translocation                3
   f - Passage of Golubria            Translocation                4
Comestibles
 f - 2 rations


   Skills:
 + Level 3.1 Fighting
 - Level 4.0 Short Blades
 - Level 1.0 Throwing
 - Level 1.1 Armour
 - Level 3.2 Dodging
 - Level 1.5 Spellcasting
 * Level 4.3 Charms
 - Level 3.2 Translocations


You had 4 spell levels left.
You knew the following spells:

 Your Spells              Type           Power        Failure   Level  Hunger
a - Blink                 Tloc           N/A          14%         2    ###....
b - Shroud of Golubria    Chrm/Tloc      #.........   12%         2    ###....


Dungeon Overview and Level Annotations

Branches:
Dungeon (4/15)             Temple (0/1) D:4

Altars:

Annotations:
D:2 Terence


Innate Abilities, Weirdness & Mutations

You are small and have problems with some larger weapons.
You are somewhat resistant to further mutation.


Message History

The ogre barely misses you.
The ogre hits you with a giant spiked club!!
You puncture the ogre!
The ogre is almost dead.
The ogre hits you but does no damage.
You barely miss the ogre.
The ogre is almost dead.
The ogre closely misses you.
You barely miss the ogre.
The ogre is almost dead.
The ogre misses you. x2
You puncture the ogre!
You kill the ogre!
Your Fighting skill increases to level 3!
Your Charms skill increases to level 4!
You puncture the ogre!
The ogre is moderately wounded.
The ogre hits you with a giant spiked club!!
Ouch! That really hurt!
You die...

,,..,,....,..,#.#*,..#,*,,* *,*
,,,,,*...#....#.#*...#,*,,* *,*
,*#,**#..#..#.#.#*...#,*,,* *,*
,,..,,#..#..#,...,...#,*,,* *,*
,,...,#..#..#,#.#*#..#.#,,* *,*
,,....#..#..###.###..#.#,,# *,*
,,.......#...........#.#,.# *,*
,,......?##.###.##...#.#..# *,*
,,......>......O@)...#.#..##*,***
,,..$....##.###.#..#........,,,,*
,,.......#....#.#<...#.######,***
**####...#..#.#.#............,*
*****#...#..#.#.#..#.#..#####,*
,,,,,.......#,#.#....#..# *,*
****###?.....,..........# *,*
,,,,,,.......,.....#....# *,*
*****,,,,,,,,....$.#....# *,*


You could see an ogre.

Vanquished Creatures
  An ogre (D:4)
  A scorpion (D:3)
  A hound (D:4)
  2 worker ants
  A worm (D:3)
  2 dart slugs
  A leopard gecko (D:2)
  7 bats
  2 giant cockroaches (D:3)
  6 goblins
  7 hobgoblins
  11 jackals
  3 quokkas
  A ball python (D:3)
  A ball python skeleton (D:4)
  3 frilled lizards (D:1)
  3 kobolds
  6 rats
59 creatures vanquished.

Notes
Turn   | Place    | Note
-------+----------+-------------------------------------------
     0 | D:1      | wilfster70 the Halfling Warper began the quest for the Orb.
     0 | D:1      | Reached XP level 1. HP: 14/14 MP: 3/3
    92 | D:1      | Reached XP level 2. HP: 14/19 MP: 4/4
    96 | D:1      | Learned a level 2 spell: Blink
    99 | D:1      | Learned a level 2 spell: Shroud of Golubria
   507 | D:1      | Reached XP level 3. HP: 10/24 MP: 5/5
  2090 | D:2      | Noticed Terence
  2630 | D:3      | Reached XP level 4. HP: 27/29 MP: 6/6
  2820 | D:3      | Reached skill level 1 in Charms
  3693 | D:4      | Noticed an ogre
  3718 | D:3      | Reached XP level 5. HP: 34/34 MP: 7/7
  4036 | D:4      | Reached XP level 6. HP: 23/41 MP: 8/8
  4179 | D:4      | Noticed an ogre
  4200 | D:4      | Killed an ogre
  4201 | D:4      | Mangled by an ogre

Skill      XL: |  1  2  3  4  5  6 |
---------------+-------------------+-----
Short Blades   | 3 4 |  4.0
Dodging        | 3 |  3.2
Charms         | 2 3 4 |  4.3
Fighting       | 2 3 |  3.1
Throwing       | |  1.0
Armour         | |  1.1
Spellcasting   | |  1.5
Translocations | |  3.2

Action                   |  1- 3 |  4- 6 || total
-------------------------+-------+-------++-------
Melee: Short sword       |   164 |   135 ||   299
 Cast: Blink             |       |     3 ||     3
  Use: Scroll            |     1 |     8 ||     9
       Potion            |       |     3 ||     3
  Eat: Chunk             |     5 |     5 ||    10
Armor: Leather armour    |    26 |    26 ||    52
Dodge: Dodged            |   119 |   120 ||   239
